 Dungeon Crawl Stone Soup version 0.31-a0-854-g362426d53f (webtiles) character file.

Game seed: 6370390066100057642

42 CowFu the Covert (level 3, -2/35 HPs)
             Began as a Gnoll Delver on Oct 9, 2023.
             Was a Follower of Makhleb.
             Slain by Natasha (4 damage)
             ... on level 2 of the Dungeon.
             The game lasted 00:03:10 (1017 turns).

CowFu the Covert (Gnoll Delver)                     Turns: 1017, Time: 00:03:11

Health: -2/35      AC:  8    Str: 13    XL:     3   Next: 54%
Magic:  13/13      EV:  7    Int:  9    God:    Makhleb [*.....]
Gold:   75         SH:  0    Dex: 13    Spells: 3/3 levels left

rFire   + . .        a - +0 spear
rCold   . . .        (no shield)
rNeg    . . .        o - +0 chain mail
rPois   .            (no helmet)
rElec   .            (no cloak)
rCorr   .            (no gloves)
SInv    .            (no boots)
Will    .....        (no amulet)
Stlth   ++           i - ring of protection from fire
HPRegen 0.25/turn    m - ring of magical power
MPRegen 0.13/turn

%: no passive effects
@: slowed, very slow
A: fangs 1, strong nose, distributed training
a: Renounce Religion


You were on level 2 of the Dungeon.
You worshipped Makhleb.
Makhleb was aware of your devotion.
You visited 2 branches of the dungeon, and saw 6 of its levels.

You collected 75 gold pieces.

Inventory:

Hand Weapons
 a - a +0 spear (weapon)
 j - a +1 mace of holy wrath
Armour
 o - a +0 chain mail (worn)
Jewellery
 i - a ring of protection from fire (left hand)
 m - a ring of magical power (right hand)
Wands
 g - a wand of digging (3)
Scrolls
 c - 2 scrolls of fog
 d - 3 scrolls of revelation
 e - a scroll of fear
 h - 4 scrolls of immolation {unknown}
 k - 2 scrolls of summoning {unknown}
 n - a scroll of enchant weapon {unknown}
Potions
 f - a potion of haste
 l - a potion of heal wounds {unknown}


   Skills:
 + Level 6.5 Fighting
 + Level 0.9 Short Blades
 + Level 0.9 Long Blades
 + Level 0.9 Axes
 + Level 0.9 Maces & Flails
 + Level 4.5 Polearms
 + Level 0.9 Staves
 + Level 0.9 Ranged Weapons
 + Level 0.9 Throwing
 + Level 0.9 Armour
 + Level 4.5 Dodging
 + Level 9.6 Stealth
 + Level 0.9 Shields
 + Level 0.9 Unarmed Combat
 + Level 0.9 Spellcasting
 + Level 0.6 Conjurations
 + Level 0.6 Hexes
 + Level 0.6 Summonings
 + Level 0.6 Necromancy
 + Level 0.6 Translocations
 + Level 0.6 Transmutations
 + Level 0.6 Fire Magic
 + Level 0.6 Ice Magic
 + Level 0.6 Air Magic
 + Level 0.6 Earth Magic
 + Level 0.6 Poison Magic
 + Level 1.0 Invocations
 + Level 0.9 Evocations
 + Level 0.7 Shapeshifting


You had 3 spell levels left.
You didn't know any spells.
Your spell library was empty.

Dungeon Overview and Level Annotations

Branches:
Dungeon (5/15)             Temple (1/1) D:5

Altars:
Ashenzari
Cheibriados
Dithmenos
Elyvilon
Fedhas
Kikubaaqudgha
Makhleb
Nemelex Xobeh
Qazlal
Ru
Trog
Uskayaw
Vehumet
Wu Jian
Xom
Yredelemnul
Zin

Shops:
D:1 [

Annotations:
D:2 Jessica, Natasha
Temple 2 transporters


Innate Abilities, Weirdness & Mutations

You have very sharp teeth.
Your uncanny sense of smell can sniff out nearby items.
Your experience applies equally to all skills.


Message History

Natasha is heavily wounded.
Natasha claws you!
You closely miss Natasha.
Natasha is heavily wounded.
Natasha claws you but does no damage.
You hit Natasha.
Natasha is heavily wounded.
Natasha casts a spell at you. You resist with significant effort.
You barely miss Natasha. You bite Natasha, but do no damage.
Natasha is heavily wounded.
Natasha claws you but does no damage. x2
You closely miss Natasha.
Natasha is heavily wounded.
Natasha claws you.
You hit Natasha but do no damage. Your bite misses Natasha.
Natasha is moderately wounded.
Natasha barely misses you.
You barely miss Natasha.
Natasha is moderately wounded.
Natasha wildly gestures.
Natasha glows brightly for a moment.
Natasha claws you. Natasha claws you but does no damage.
You are too injured to fight recklessly!
You are too injured to fight recklessly!
You are too injured to fight recklessly!
You are too injured to fight recklessly!
You hit Natasha.
Natasha is heavily wounded.
Natasha claws you!
* * * LOW HITPOINT WARNING * * *
You hit Natasha but do no damage.
Natasha is heavily wounded.
Natasha mumbles some strange words.
Natasha shimmers violently.
Natasha claws you.
* * * LOW HITPOINT WARNING * * *
Natasha claws you.
You die...
Natasha curls up and begins to purr.

####### .......
....... .......
##....... #........
#h.........
#@.........
#..........
#..........
#######..........
#####................
#.....#####...†......
#.#...#.#.#..........
#.#....#.#...........
#.#..8.#8#.8..#######


You could see Natasha.

Vanquished Creatures
  A worm (D:5)
  7 ball pythons
  3 endoplasms
  A giant cockroach (D:1)
  2 goblins (D:1)
  4 hobgoblins
  A jackal (D:3)
  5 kobolds
  2 quokkas
  A bat (D:1)
  9 rats
36 creatures vanquished.

Notes
Turn   | Place    | Note
-------+----------+-------------------------------------------
     0 | D:5      | Reached skill level 9 in Stealth
     0 | D:5      | CowFu the Gnoll Delver began the quest for the Orb.
     0 | D:5      | Reached XP level 1. HP: 23/23 MP: 1/1
    15 | D:5      | Noticed an ogre
    23 | D:5      | Noticed a sleepcap
    43 | D:5      | Found a staircase to the Ecumenical Temple.
    52 | Temple   | Found a transporter.
    52 | Temple   | Found a transporter.
    52 | Temple   | Found a transporter.
    52 | Temple   | Found a transporter.
    52 | Temple   | Entered the Ecumenical Temple
    76 | Temple   | Became a worshipper of Makhleb the Destroyer
   106 | D:5      | Noticed a hound
   166 | D:2      | Noticed Jessica
   174 | D:2      | Reached XP level 2. HP: 14/29 MP: 2/2
   477 | D:1      | Found a faded altar of an unknown god.
   486 | D:1      | Reached * piety under Makhleb
   494 | D:1      | Reached XP level 3. HP: 35/35 MP: 3/3
   521 | D:1      | Found Posoobb's Antique Armour Boutique.
   779 | D:1      | Reached skill level 1 in Invocations
  1003 | D:2      | Noticed Natasha
  1017 | D:2      | Slain by Natasha

Illustrated notes

Levels and vault maps discovered:
D:1:      dpeg_arrival_ratfight, layout_rooms, basic_ecumenical_altar,
          serial_shops, shop
D:2:      layout_rooms, nicolae_twisty_statue_hallways, uniq_natasha,
          uniq_jessica
D:3:      layout_rooms, grunt_ministairs_11, st_stairs_1
D:4:      layout_cave_pools, mainiacjoe_overflow_24_doors,
          nicolae_ossuary_entry_monument, saegor_snake_ambush, uniq_robin
D:5:      minmay_spotlight, layout_rooms, grunt_gozag_statues,
          minmay_temple_entry_statues_fountains
Temple:   hellmonk_temple_divided_pantheon

Skill      XL: |  1  2  3 |
---------------+----------+-----
Stealth        | |  9.6
Invocations    | 1 |  1.0
Fighting       | |  6.5
Short Blades   | |  0.9
Long Blades    | |  0.9
Axes           | |  0.9
Maces & Flails | |  0.9
Polearms       | |  4.5
Staves         | |  0.9
Ranged Weapons | |  0.9
Throwing       | |  0.9
Armour         | |  0.9
Dodging        | |  4.5
Shields        | |  0.9
Unarmed Combat | |  0.9
Spellcasting   | |  0.9
Conjurations   | |  0.6
Hexes          | |  0.6
Summonings     | |  0.6
Necromancy     | |  0.6
Translocations | |  0.6
Transmutations | |  0.6
Fire Magic     | |  0.6
Ice Magic      | |  0.6
Air Magic      | |  0.6
Earth Magic    | |  0.6
Poison Magic   | |  0.6
Evocations     | |  0.9
Shapeshifting  | |  0.7

Action                     || total
---------------------------++-------
  Melee: Spear             ||   102
         Bite              ||     7
   Stab: Sleeping          ||    10
 Armour: Leather armour    ||    37
         Chain mail        ||    14
  Dodge: Dodged            ||    59

Table legend: (Time is in decaauts)
 A = Elapsed time spent in this place.
 B = Non-inter-level travel time spent in this place.
 C = Inter-level travel time spent in this place.
 D = Time resting spent in this place.
 E = Time spent auto-exploring this place.
 F = Levels seen in this place.
 G = Mean time per level.
                   A        B        C        D        E       F      G
               +--------+--------+--------+--------+--------+-----+--------+
         Total |   1006 |    973 |     33 |      0 |    620 |   6 |  167.7 |
       Dungeon |    965 |    946 |     19 |      0 |    620 |   5 |  193.0 |
        Temple |     40 |     26 |     14 |      0 |      0 |   1 |   40.0 |
               +--------+--------+--------+--------+--------+-----+--------+

Top non-repeatable levels by time:
     D:1: 678 daAuts
     D:2: 197 daAuts
     D:5: 70 daAuts
  Temple: 40 daAuts
     D:3: 11 daAuts
     D:4: 7 daAuts
